 Dungeon Crawl Stone Soup version 0.18-a0-1485-g189885c (webtiles) character file.

350 uiiiytp the Carver (level 6, -6/51 HPs)
             Began as a Minotaur Fighter on Mar 3, 2016.
             Mangled by Crazy Yiuf
             ... wielding a +3 quarterstaff of chaos
              (17 damage)
             ... on level 3 of the Dungeon.
             The game lasted 00:09:06 (1950 turns).

uiiiytp the Carver (Minotaur Fighter)               Turns: 1950, Time: 00:09:06

Health: -6/51      AC:  9    Str: 23    XL:     6   Next: 33%
Magic:  5/5        EV:  7    Int:  5    God:
Gold:   97         SH:  9    Dex:  9    Spells: 0 memorised, 5 levels left

rFire  . . .     SeeInvis .     a - +0 long sword
rCold  + . .     Gourm    .     b - +0 scale mail
rNeg   + . .     Faith    .     c - +0 shield
rPois  .         Spirit   .     (helmet restricted)
rElec  .         Dismiss  .     l - +0 cloak
rCorr  .         Reflect  .     (no gloves)
SustAt .         Harm     .     x - +0 pair of boots (curse)
MR     .....                    (no amulet)
Stlth  ..........               s - ring of protection from cold
                                i - ring of positive energy

@: lethally poisoned (-6 -> -21), not resistant to hostile enchantments,
extremely unstealthy
A: retaliatory headbutt, horns 2
a: no special abilities


You were on level 3 of the Dungeon.
You were not hungry.

You visited 1 branch of the dungeon, and saw 3 of its levels.

You collected 97 gold pieces.

Inventory:

Hand Weapons
 a - a +0 long sword (weapon)
 g - a +2 short sword of draining
Armour
 b - a +0 scale mail (worn)
 c - a +0 shield (worn)
 l - a +0 cloak (worn)
 x - a cursed +0 pair of boots (worn)
Jewellery
 e - a +2 ring of dexterity
 i - a ring of positive energy (left hand)
 s - a ring of protection from cold (right hand)
Scrolls
 h - a scroll of noise {unknown}
 n - a scroll of enchant weapon {unknown}
 o - a scroll of magic mapping {unknown}
 q - 2 scrolls of remove curse {unknown}
 t - 2 scrolls of teleportation {unknown}
 u - 2 scrolls of amnesia {unknown}
 w - 3 scrolls of fog {unknown}
Potions
 d - 2 potions of might
 j - 2 potions of ambrosia {unknown}
 k - a potion of berserk rage
 p - a potion of brilliance {unknown}
 r - a potion of heal wounds {unknown}
 v - a potion of mutation {unknown}
Comestibles
 f - 2 bread rations
 m - 4 fruits


   Skills:
 - Level 3.6 Fighting
 + Level 8.1 Long Blades
 - Level 3.7 Armour
 - Level 3.7 Shields


You had 5 spell levels left.
You didn't know any spells.

Dungeon Overview and Level Annotations

Branches:
Dungeon (3/15)

Altars:
Dithmenos
Fedhas
Gozag
Nemelex Xobeh
Ru

Annotations:
D:3 Crazy Yiuf


Innate Abilities, Weirdness & Mutations

You reflexively headbutt those who attack you in melee.
You have a pair of horns on your head.


Message History

You block Crazy Yiuf's attack.
You slash Crazy Yiuf!
Crazy Yiuf is moderately wounded.
Crazy Yiuf hits you with a quarterstaff of chaos!
You hit Crazy Yiuf.
Crazy Yiuf is heavily wounded.
Crazy Yiuf barely misses you. You block Crazy Yiuf's attack.
You barely miss Crazy Yiuf. You headbutt Crazy Yiuf!
Crazy Yiuf is severely wounded.
Crazy Yiuf hits you with a quarterstaff of chaos!!
You are poisoned.
You hit Crazy Yiuf.
Crazy Yiuf is severely wounded.
You feel sick.
Crazy Yiuf hits you with a quarterstaff of chaos.
* * * LOW HITPOINT WARNING * * *
Crazy Yiuf freezes you.
* * * LOW HITPOINT WARNING * * *
Crazy Yiuf hits you with a quarterstaff of chaos!
You die...

...##......#
♣....♣
...##.######
♣..♣♣♣
..).....#
♣♣.♣
...##.#.#
♣.♣♣
#####.#.#
♣♣.♣ #.#.#
♣.♣♣ #.#.#
♣♣.♣
#####.#.#
##'##
........#
#.@.#
#########
#.g.# #
#..)# #
##### # # #
# #


You could see Crazy Yiuf (berserk).

Vanquished Creatures
  Sigmund (D:3)
  The ghost of yogakurto the Skirmisher, an amateur OgCK of Xom (D:3)
  2 adders (D:2)
  4 giant cockroaches
  5 goblins
  8 hobgoblins
  17 jackals
  9 kobolds
  A quokka (D:3)
  9 bats
  2 giant newts
  9 rats
68 creatures vanquished.

Notes
Turn   | Place    | Note
--------------------------------------------------------------
     0 | D:1      | uiiiytp the Minotaur Fighter began the quest for the Orb.
     0 | D:1      | Reached XP level 1. HP: 19/19 MP: 0/0
    31 | D:1      | Reached skill level 3 in Long Blades
    37 | D:1      | Reached XP level 2. HP: 23/26 MP: 1/1
   299 | D:1      | Found a sparkling altar of Nemelex Xobeh.
   751 | D:2      | Found a blossoming altar of Fedhas.
   773 | D:2      | Reached skill level 4 in Long Blades
   773 | D:2      | Reached XP level 3. HP: 28/31 MP: 2/2
   858 | D:2      | Found a sacrificial altar of Ru.
   862 | D:2      | Found an opulent altar of Gozag.
   892 | D:2      | Found a faded altar to an unknown god.
   931 | D:2      | Reached skill level 5 in Long Blades
  1028 | D:2      | Found a sparkling altar of Nemelex Xobeh.
  1050 | D:2      | Found a shadowy altar of Dithmenos.
  1182 | D:3      | Reached XP level 4. HP: 37/39 MP: 3/3
  1315 | D:3      | Noticed Sigmund
  1321 | D:3      | Killed Sigmund
  1321 | D:3      | Reached skill level 7 in Long Blades
  1321 | D:3      | Reached XP level 5. HP: 35/45 MP: 4/4
  1393 | D:3      | Noticed yogakurto's ghost (amateur OgCK)
  1409 | D:3      | Killed yogakurto's ghost
  1409 | D:3      | Reached skill level 8 in Long Blades
  1409 | D:3      | Reached XP level 6. HP: 5/51 MP: 0/5
  1944 | D:3      | Noticed Crazy Yiuf
  1950 | D:3      | Mangled by Crazy Yiuf

Vault maps used:
D:1:      dpeg_arrival_ternary, st_stairs_12, minmay_misc_feat_iff,
          grunt_decor_mini_mirrors, nemelex_xobeh_ov_fountains_minmay
D:2:      lemuel_round_altar, grunt_temple_overflow_open, first_bread,
          ecumenical_altar_2, nemelex_lonely_heart_becter
D:3:      old_standard_altar, uniq_sigmund, uniq_crazy_yiuf_cottage

Skill      XL: |  1  2  3  4  5 |
---------------+----------------+-----
Long Blades    | 3 4 5 7 8 |  8.1
Fighting       | |  3.6
Armour         | |  3.7
Shields        | |  3.7

Action                   |  1- 3 |  4- 6 || total
-------------------------+-------+-------++-------
Melee: Long sword        |   110 |    62 ||   172
  Use: Scroll            |     2 |       ||     2
       Potion            |       |     1 ||     1
  Eat: Fruit             |     1 |       ||     1
       Bread ration      |       |     1 ||     1
